AoeStats
← SeemsFishy

Lombardia

508286344Analyzed
4v4 RM · 10d ago on Sep 21, 2026· 61m 55s· 8 players
Game mode
Random Map
Map size
Large (8 player)
Population
200
Speed
Normal
Resources
Standard
Victory
Conquest
Starting age
Dark Age
Ending age
Imperial Age
RankedLock teamsTeams togetherTeam positionsShared explorationLock speedFull tech treeHidden civsTurbo modeCheats
Victory
Defeat
🇫🇷 Italians · France
1457
+13
🇧🇷 Japanese · Brazil
1405
+16
🇩🇪 Jurchens · Germany
1399
+16
🇩🇪 Tupi · Germany
1399
+16
🇬🇧 Britons · United Kingdom
1429
-16
1405
-16
1398
-15
🇹🇼 Gurjaras · Taiwan
1362
-14
我放了个屁她顺风追了
10:42 Feudal Age
8:58 Loom
12:05 Double-Bit Axe
14:46 Castle Age
13:56 Horse Collar
15:29 Wheelbarrow
16:47 Bow Saw
30:52 Imperial Age
28:39 Gold Mining
29:12 Fletching
29:37 Padded Archer Armor
30:00 Nomads
30:20 Bodkin Arrow
30:38 Stone Mining
32:58 Chemistry
33:13 Ballistics
33:21 Bloodlines
33:22 Thumb Ring
33:16 Town Watch
34:13 Bracer
35:42 Leather Archer Armor
36:22 Elite Mangudai
37:23 Conscription
37:39 Conscription
38:52 Stone Shaft Mining
39:14 Masonry
40:16 Parthian Tactics
41:20 Scale Barding Armor
41:26 Forging
43:25 Elite Skirmisher
44:13 Onager
46:08 Drill
46:09 Conscription
TwBestShaco
2:30 Loom
10:51 Feudal Age
11:36 Double-Bit Axe
14:28 Castle Age
12:31 Horse Collar
14:11 Stone Mining
23:43 Wheelbarrow
23:41 Gold Mining
25:13 Hand Cart
25:26 Bow Saw
25:51 Gold Shaft Mining
26:30 Gold Shaft Mining
26:48 Heavy Plow
30:33 Imperial Age
29:05 Kshatriyas
29:51 Forging
29:46 Scale Barding Armor
30:48 Bloodlines
30:38 Husbandry
31:59 Iron Casting
32:09 Conscription
31:28 Elite Shrivamsha Rider
32:34 Chain Barding Armor
33:50 Stone Shaft Mining
33:19 Town Watch
34:28 Plate Barding Armor
35:20 Fletching
34:58 Heavy Camel Rider
36:08 Frontier Guards
40:16 Coinage
39:47 Caravan
41:36 Siege Elephant
47:47 Light Cavalry
49:06 Hussar
53:58 Crop Rotation
double barrack mountain king
11:04 Feudal Age
12:55 Double-Bit Axe
16:26 Castle Age
14:53 Double-Bit Axe
15:42 Horse Collar
23:10 Wheelbarrow
24:48 Caravan
30:39 Imperial Age
28:17 Gold Mining
29:01 Fletching
29:55 Ballistics
29:36 Bodkin Arrow
30:38 Hand Cart
30:09 Loom
30:33 Padded Archer Armor
31:27 Bracer
32:30 Chemistry
32:40 Leather Archer Armor
33:08 Elite Elephant Archer
35:28 Ring Archer Armor
34:54 Stone Mining
35:18 Bow Saw
35:17 Heavy Plow
37:56 Thumb Ring
45:09 Husbandry
54:44 Elite Skirmisher
SeemsFishy
9:09 Feudal Age
11:03 Feudal Age
15:05 Castle Age
14:12 Double-Bit Axe
14:11 Horse Collar
16:27 Bow Saw
17:01 Loom
22:56 Stone Mining
23:54 Gold Mining
26:26 Gold Shaft Mining
27:34 Wheelbarrow
30:35 Imperial Age
27:55 Town Watch
28:14 Fletching
28:24 Padded Archer Armor
29:02 Ballistics
29:20 Bodkin Arrow
29:39 Masonry
29:12 Treadmill Crane
30:23 Fortified Wall
30:50 Leather Archer Armor
31:54 Conscription
31:37 Bracer
32:48 Hand Cart
33:14 Elite Longbowman
35:00 Ring Archer Armor
37:33 Hoardings
37:41 Yeomen
39:48 Warwolf
41:46 Two-Man Saw
40:50 Heavy Plow
41:45 Hoardings
43:43 Crossbowman
43:43 Elite Skirmisher
46:37 Chemistry
45:44 Siege Engineers
46:10 Architecture
46:51 Coinage
46:32 Guilds
54:14 Elite Skirmisher
55:52 Caravan
chinsa_yama
8:46 Loom
10:32 Feudal Age
15:32 Castle Age
13:31 Double-Bit Axe
13:54 Horse Collar
17:33 Bow Saw
26:20 Wheelbarrow
29:06 Imperial Age
26:42 Fletching
26:53 Padded Archer Armor
27:00 Gold Mining
27:14 Heavy Plow
27:24 Bodkin Arrow
28:57 Leather Archer Armor
28:49 Stone Mining
29:54 Ballistics
30:28 Bracer
29:59 Elite Genoese Crossbowman
31:15 Hand Cart
32:03 Chemistry
31:43 Conscription
31:14 Town Watch
32:01 Ring Archer Armor
31:45 Squires
34:33 Silk Road
35:22 Scale Mail Armor
35:33 Forging
35:24 Arson
38:53 Two-Man Saw
39:41 Chain Mail Armor
40:02 Iron Casting
43:24 Plate Mail Armor
43:56 Blast Furnace
44:14 Stone Shaft Mining
49:51 Pikeman
50:38 Caravan
59:29 Thumb Ring
59:46 Elite Skirmisher
Hoya Lacunosa Amarillo
8:43 Loom
10:29 Feudal Age
15:13 Castle Age
13:01 Double-Bit Axe
13:55 Horse Collar
16:47 Bow Saw
17:20 Wheelbarrow
24:20 Hand Cart
25:02 Heavy Plow
25:16 Gold Mining
25:17 Stone Mining
26:02 Town Watch
26:20 Fletching
26:30 Padded Archer Armor
29:59 Imperial Age
27:39 Bodkin Arrow
28:24 Leather Archer Armor
28:33 Ballistics
29:04 Crossbowman
29:06 Elite Skirmisher
30:44 Bracer
31:15 Ring Archer Armor
31:47 Chemistry
30:09 Arbalester
31:28 Arrowslits
33:22 Murder Holes
33:08 Treadmill Crane
33:31 Town Patrol
34:08 Caravan
34:38 Coinage
34:43 Conscription
34:30 Curare
34:31 Caciques
36:59 Two-Man Saw
36:34 Gold Shaft Mining
42:49 Hoardings
49:04 Banking
51:37 Capped Ram
52:55 Siege Ram
Rusted From The Rain
7:12 Loom
9:37 Feudal Age
10:30 Double-Bit Axe
10:26 Horse Collar
13:40 Wheelbarrow
18:38 Castle Age
19:15 Forging
21:52 Bow Saw
22:02 Heavy Plow
24:16 Gold Mining
25:50 Gold Shaft Mining
25:11 Stone Mining
25:09 Town Watch
29:12 Caravan
29:38 Hand Cart
29:50 Bloodlines
29:40 Husbandry
29:47 Scale Barding Armor
30:18 Iron Casting
33:30 Imperial Age
31:55 Bloodlines
31:51 Scale Barding Armor
32:22 Iron Casting
31:49 Husbandry
33:14 Chain Barding Armor
34:06 Fortified Wall
34:37 Conscription
34:31 Elite Steppe Lancer
35:47 Plate Barding Armor
36:13 Blast Furnace
42:52 Masonry
45:23 Light Cavalry
47:32 Hussar
51:26 Town Patrol
55:08 Caravan
61:52 Guilds
Julio2
7:25 Loom
10:49 Feudal Age
11:51 Double-Bit Axe
11:46 Horse Collar
15:04 Wheelbarrow
17:41 Castle Age
15:42 Stone Mining
16:39 Gold Mining
20:54 Bow Saw
25:03 Heavy Plow
26:29 Hand Cart
32:13 Imperial Age
30:42 Forging
30:33 Scale Mail Armor
30:23 Fletching
31:29 Gold Shaft Mining
31:19 Town Watch
31:28 Fletching
32:19 Iron Casting
32:26 Chain Mail Armor
32:35 Gambesons
32:51 Squires
32:36 Arson
32:26 Elite Samurai
34:42 Plate Mail Armor
35:17 Blast Furnace
42:06 Conscription
43:02 Fletching
49:45 Coinage
55:24 Banking
Connection lost

Rejoining the realm…

Still unreachable

The connection could not be restored.

Session expired

The server has moved on; the page needs a fresh start.